 Dungeon Crawl Stone Soup version 0.17.1-3-g152610e (webtiles) character file.

273 Jerry the Conjurer (level 6, -17/36 HPs)
             Began as an Octopode Wizard on Mar 17, 2016.
             Demolished by an orc warrior
             ... wielding a +1 battleaxe of electrocution
              (20 damage)
             ... on level 4 of the Dungeon.
             The game lasted 00:31:47 (4899 turns).

Jerry the Conjurer (Octopode Wizard)                Turns: 4899, Time: 00:31:47

Health: -17/36     AC:  2    Str:  6    XL:     6   Next: 23%
Magic:  10/12      EV: 12    Int: 23    God:
Gold:   172        SH:  0    Dex: 10    Spells: 3 memorised, 7 levels left

rFire  . . .     SeeInvis +     h - +2 dagger (speed)
rCold  . . .     Clarity  .     (no shield)
rNeg   . . .     SustAt   .     a - +1 hat
rPois  .         Gourm    .     (no amulet)
rElec  .         Spirit   .     i - ring of see invisible
rCorr  .         Warding  .     (no ring)
rMut   .         Stasis   .     (no ring)
MR     .....                    (no ring)
Stlth  +++.......               (no ring)
                                (no ring)
                                (no ring)
                                (no ring)

@: very slightly contaminated, not resistant to hostile enchantments, fairly
stealthy
A: almost no armour, amphibious, 8 rings, constrict 8, camouflage 1, gelatinous
body 1
a: no special abilities


You were on level 4 of the Dungeon.
You were not hungry.

You visited 1 branch of the dungeon, and saw 4 of its levels.

You collected 172 gold pieces.

Inventory:

Hand Weapons
 d - a +0 dagger
 h - a +2 dagger of speed (weapon)
Armour
 a - a +1 hat (worn)
Jewellery
 i - a ring of see invisible (left tentacle)
Wands
 k - a wand of fireball (15)
Scrolls
 e - a scroll of fear
 l - a scroll of teleportation
 o - a scroll of remove curse
 t - a scroll of recharging
Potions
 g - a potion of brilliance
 j - 2 potions of lignification {unknown}
 n - a potion of agility {unknown}
 r - a potion of degeneration {unknown}
 u - a potion of curing {unknown}
Books
 b - a book of Minor Magic

   Spells                             Type                      Level
   a - Magic Dart                     Conjuration                  1
   b - Blink                          Translocation                2
   c - Call Imp                       Summoning                    2
   d - Repel Missiles                 Charms/Air                   2
   e - Slow                           Hexes                        2
   f - Conjure Flame                  Conjuration/Fire             3
   g - Mephitic Cloud                 Conjuration/Poison/Air       3
 q - a book of the Tempests

   Spells                             Type                      Level
   a - Static Discharge               Conjuration/Air              3
   b - Lightning Bolt                 Conjuration/Air              5
   c - Fireball                       Conjuration/Fire             5
   d - Tornado                        Air                          9
   e - Shatter                        Earth                        9
Comestibles
 c - a bread ration
 m - 3 slices of pizza


   Skills:
 - Level 2.0 Dodging
 - Level 2.6 Stealth
 + Level 4.1 Spellcasting
 + Level 4.2 Conjurations
   Level 1.0 Summonings
 - Level 1.0 Translocations
 + Level 2.8 Fire Magic


You had 7 spell levels left.
You knew the following spells:

 Your Spells              Type           Power        Failure   Level  Hunger
a - Magic Dart            Conj           ###.         1%          1    None
b - Conjure Flame         Conj/Fire      ###.....     10%         3    ##.....
c - Blink                 Tloc           N/A          12%         2    #......


Dungeon Overview and Level Annotations

Branches:
Dungeon (4/15)
 Temple: D:4-7

Altars:
Dithmenos
Kikubaaqudgha
Nemelex Xobeh

Shops:
D:4 [}

Annotations:
D:4 LonesomeOreo's ghost, weakling DsWz


Innate Abilities, Weirdness & Mutations

You cannot wear most types of armour.
You are amphibious.
You can wear up to eight rings at the same time.
You can use your tentacles to constrict eight enemies at once.
Your skin changes colour to match your surroundings (Stealth).
Your rubbery body absorbs attacks (AC +1).


Message History

You continue memorising.
You finish memorising.
Spell assigned to 'c'.
You climb downwards.
Level annotation: LonesomeOreo's ghost, weakling DsWz LonesomeOreo's ghost hits you.
LonesomeOreo's ghost burns you.
The orc warrior hits you with a battleaxe of electrocution!!
Ouch! That really hurt!
* * * LOW HITPOINT WARNING * * *
LonesomeOreo's ghost misses you.
There is a stone staircase leading up, spattered with blood here.
Casting: Magic Dart
Confirm with . or Enter, or press ? or * to list all spells.
You miscast Blink.
You are very lightly contaminated with residual magic.
The world appears momentarily distorted!
The orc warrior hits you with a battleaxe of electrocution!
* * * LOW HITPOINT WARNING * * *
You are electrocuted!
Ouch! That really hurt!
You die...

#..........#∩
####........## ..
######............[
..####........#....)....
$ .......................
..##....##...##..........
#........................
#.......W..##.##.........
#......o@................
.##....###..........##..
#......§....^####.....
#.######.....# #..... ..
##...#####..### ...
##.###..[.## ..
#####.#..# # ........##
..##...#.#


You could see an orc warrior and LonesomeOreo's ghost.

Vanquished Creatures
  3 orc priests
  A worker ant (D:4)
  An orc wizard (D:4)
  2 adders
  2 gnolls (D:3)
  An ooze (D:3)
  2 worms
  4 giant geckos
  10 orcs
  3 ball pythons
  8 bats
  5 goblins
  7 hobgoblins
  2 jackals (D:2)
  9 kobolds
  4 giant cockroaches
  2 giant newts
  7 rats
73 creatures vanquished.

Notes
Turn   | Place    | Note
--------------------------------------------------------------
     0 | D:1      | Jerry the Octopode Wizard began the quest for the Orb.
     0 | D:1      | Reached XP level 1. HP: 11/11 MP: 4/4
   180 | D:1      | Reached XP level 2. HP: 15/17 MP: 3/6
   903 | D:2      | Reached XP level 3. HP: 21/21 MP: 7/7
   908 | D:2      | Learned a level 3 spell: Conjure Flame
  1142 | D:2      | Reached skill level 1 in Fire Magic
  1617 | D:2      | Found a shadowy altar of Dithmenos.
  2520 | D:2      | Reached XP level 4. HP: 27/27 MP: 8/8
  3129 | D:3      | Reached XP level 5. HP: 27/31 MP: 3/10
  3586 | D:3      | Found a sparkling altar of Nemelex Xobeh.
  3859 | D:4      | Found Tosuzuaci's Antique Armour Boutique.
  3861 | D:4      | Noticed an orc warrior
  3874 | D:4      | Found Asuczy's Gadget Shop.
  3875 | D:4      | Noticed an ogre
  4124 | D:3      | Reached skill level 4 in Conjurations
  4423 | D:4      | Reached XP level 6. HP: 18/36 MP: 5/12
  4639 | D:3      | Found an ancient bone altar of Kikubaaqudgha.
  4681 | D:4      | Noticed LonesomeOreo's ghost (weakling DsWz)
  4897 | D:3      | Learned a level 2 spell: Blink
  4899 | D:4      | Demolished by an orc warrior

Action                   |  1- 3 |  4- 6 || total
-------------------------+-------+-------++-------
Melee: Dagger            |    51 |    63 ||   114
 Cast: Magic Dart        |    39 |    91 ||   130
       Conjure Flame     |     4 |     9 ||    13
  Use: Scroll            |     7 |     4 ||    11
 Stab: Sleeping          |    10 |     1 ||    11
       Distracted        |     1 |       ||     1
  Eat: Chunk             |     3 |     8 ||    11
       Fruit             |     1 |       ||     1
       Beef jerky        |       |     1 ||     1
